 Dungeon Crawl Stone Soup version 0.29.1-1-gd02db6906a (webtiles) character file.

Game seed: 16881157287652661046

99 Icepheonix32 the Trooper (level 4, -7/41 HPs)
             Began as a Minotaur Fighter on Sept 20, 2022.
             Mangled by Terence
             ... wielding a +0 trident
              (12 damage)
             ... on level 3 of the Dungeon.
             The game lasted 00:01:24 (1559 turns).

Icepheonix32 the Trooper (Minotaur Fighter)         Turns: 1559, Time: 00:01:25

Health: -7/41      AC:  7    Str: 22    XL:     4   Next: 45%
Magic:  3/3        EV:  9    Int:  5    God:
Gold:   71         SH:  4    Dex: 10    Spells: 3/3 levels left

rFire   . . .      SeeInvis .   a - +0 war axe
rCold   . . .      Faith    .   c - +0 buckler
rNeg    . . .      Spirit   .   b - +0 scale mail
rPois   .          Reflect  .   (helmet restricted)
rElec   .          Harm     .   (no cloak)
rCorr   .          Rampage  .   (no gloves)
Will    .....                   (no boots)
Stlth   ..........              (no amulet)
HPRegen 0.13/turn               (no ring)
MPRegen 0.08/turn               (no ring)

@: no status effects
A: horns 2, retaliatory headbutt
a: no special abilities


You were on level 3 of the Dungeon.
You visited 1 branch of the dungeon, and saw 3 of its levels.

You collected 71 gold pieces.

Inventory:

Hand Weapons
 a - a +0 war axe (weapon)
Armour
 b - a +0 scale mail (worn)
 c - a +0 buckler (worn)
Jewellery
 e - a ring of flight
Scrolls
 f - 2 scrolls of poison {unknown}
 g - a scroll of magic mapping {unknown}
 h - a scroll of identify {unknown}
 i - a scroll of teleportation {unknown}
Potions
 d - a potion of might
 j - 3 potions of curing


   Skills:
 * Level 4.6 Fighting
 + Level 3.6 Axes
 + Level 4.4 Armour
 + Level 0.1 Dodging
 + Level 4.2 Shields


You had 3 spell levels left.
You didn't know any spells.
Your spell library was empty.

Dungeon Overview and Level Annotations

Branches:
Dungeon (3/15)

Altars:
Trog

Annotations:
D:3 Terence


Innate Abilities, Weirdness & Mutations

You have a pair of horns on your head.
You reflexively headbutt those who attack you in melee.


Message History

There is a stone staircase leading down here.
There is a stone staircase leading up here.
Done exploring.
Done exploring.
No target in view!
Done exploring.
(D) Dungeon
Where to? (? - help)
You see here a frilled lizard skeleton.
You see here a +0 spear.
You see here a +0 flail.
There is a stone staircase leading down here.
You climb downwards.
Terence shouts!
Found a stone staircase leading down.
There is a stone staircase leading up here.
There are monsters nearby!
It was a potion of curing.
You feel better.
A bat comes into view.
You block the worm's attack.
Terence drinks a potion.
Terence goes berserk!
You slash the worm! You headbutt the worm.
The worm is severely wounded.
You block Terence's attack. The worm bites you.
Terence hits you from afar with a +0 trident.
You barely miss the worm.
The worm is severely wounded.
Terence hits you from afar with a +0 trident.
Terence barely misses you. The worm bites you but does no damage.
You slash the worm!
You kill the worm!
The bat hits you but does no damage. The bat barely misses you.
Terence hits you from afar with a +0 trident!
Terence hits you from afar with a +0 trident.
You miss the bat. You block the bat's attack. The bat completely misses you.
Terence hits you from afar with a +0 trident!
* * * LOW HITPOINT WARNING * * *
Terence completely misses you.
You barely miss the bat. You block the bat's attack.
Terence hits you from afar with a +0 trident!
You die...

.###.. ....# ##
#...#.. .>.#.
... ###@# #..<#
#.#@#########.#
..
#b.@........#
##
#############


You could see Terence (berserk) and a bat.

Vanquished Creatures
  An orc priest (D:2)
  3 gnolls (D:2)
  An adder (D:2)
  A worm (D:3)
  A dart slug (D:1)
  4 orcs (D:2)
  2 ball pythons
  4 endoplasms (D:2)
  A giant cockroach (D:2)
  A goblin (D:2)
  A hobgoblin (D:2)
  A kobold (D:2)
  A quokka (D:1)
  2 bats
  2 frilled lizards
26 creatures vanquished.

Notes
Turn   | Place    | Note
-------+----------+-------------------------------------------
     0 | D:1      | Icepheonix32 the Minotaur Fighter began the quest for the
                  | Orb.
     0 | D:1      | Reached XP level 1. HP: 19/19 MP: 0/0
    48 | D:1      | Found a faded altar of an unknown god.
   768 | D:2      | Reached XP level 2. HP: 27/27 MP: 1/1
   846 | D:2      | Reached XP level 3. HP: 34/34 MP: 2/2
   851 | D:2      | Found a bloodstained altar of Trog.
   891 | D:2      | Reached XP level 4. HP: 24/41 MP: 3/3
  1545 | D:3      | Noticed Terence
  1559 | D:3      | Mangled by Terence

Illustrated notes

Levels and vault maps discovered:
D:1:      matt_arrival_refuge, layout_basic,
          chequers_ecumenical_altar_simple_redux
D:2:      layout_loops_ring, basic_altar
D:3:      layout_basic, nicolae_elyvilon_peaceful_grove, nicolae_grassy_gnolls,
          uniq_terence, uniq_grinder, uniq_robin

Skill      XL: |  1  2  3 |
---------------+----------+-----
Fighting       | 4 |  4.6
Armour         | 4 |  4.4
Axes           | 3 |  3.6
Shields        | 4 |  4.2
Dodging        | |  0.1

Action                   |  1- 3 |  4- 6 || total
-------------------------+-------+-------++-------
Melee: War axe           |    30 |    17 ||    47
       Headbutt          |     4 |     2 ||     6
  Use: Potion            |       |     1 ||     1
Armor: Scale mail        |    16 |     9 ||    25
Dodge: Dodged            |    18 |     6 ||    24
Block: Buckler           |     4 |     5 ||     9
